Frizzbo, neutral female sylph Wizard ----------- ----------------------- ----- |.........| ..-..|..|..-....-..|.(| +...| #..........| |.|..|..|..|....|..|..| |...| ###|.........| |.----|-----....----|--+-----....#### # |......<..| #|...............B..G@@....%.....| # ### |.........| #-.-|-----+--.....E.-|----|---...| #### ----------- #|.|..|..| |....q.{|..(.|...|...+ ###### |.|..|..| |.......|....|...|...| `#### |.----|-----..^....|.._.|...|...| # # |.............{.%..|..[.|..(|...| # # |.------+--------.----------|...| |.|...!| |(((.|.+ |(((.-...| |.-..?.| |(((.-.| |(((.|...| | |.|..!%| |(((.|.| |(((.|....# ......| |.---------------.-----------...| ------ |...............................| --------------------------------- Frizzbo the Thaumaturge Experience level: 7 Strength: 9 Dexterity: 16 Constitution: 9 Intelligence: 16 Wisdom: 16 Charisma: 11 Health: 0(49) Energy: 78(97) Def: 0 Gold: 50 Moves: 4923 Dungeon seed: nFB81c_LtH4CVJcs Game ID: Frizzbo_1467210317 Your Inventory: Coins $ - 50 gold pieces Amulets S - an uncursed amulet versus poison Weapons v - 3 uncursed +0 elven daggers (wielded) Armor e - an uncursed +0 cloak of magic resistance u - an uncursed +0 mummy wrapping (being worn) Scrolls y - an uncursed scroll of enchant armor F - 2 uncursed scrolls of blank paper I - an uncursed scroll of confuse monster P - an uncursed scroll of water Q - 2 uncursed scrolls of identify Potions g - an uncursed potion of healing k - an uncursed potion of gain ability o - 2 uncursed potions of gain energy p - 2 blessed potions of healing r - an uncursed potion of blindness t - an uncursed potion of extra healing B - an uncursed potion of oil J - 2 uncursed potions of water K - an uncursed potion of gain level Rings X - a cursed -1 ring of gain strength Wands d - an uncursed wand of nothing (0:0) x - an uncursed wand of striking (0:0) A - an uncursed wand of striking (0:0) D - an uncursed wand of striking (0:0) Y - an uncursed wand of make invisible (0:0) Tools f - an uncursed skeleton key w - an uncursed towel E - an uncursed magic lamp G - a blessed can of grease (0:25) Gems n - 2 uncursed worthless pieces of yellow glass q - 3 uncursed worthless pieces of orange glass z - 2 uncursed worthless pieces of white glass H - an uncursed silver nugget M - 2 uncursed worthless pieces of violet glass N - 4 uncursed worthless pieces of black glass O - an uncursed obsidian stone Spells and supernatural/magical abilities: Name Level Category Fail Memory a - force bolt 1 attack 0% 76% l - light 1 divination 0% 76% m - magic missile 2 attack 0% 92% W - pray for help -- divine ? -- Your skills at the end: Miscellaneous Skills wands [Basic] Weapon Skills dagger [Basic] quarterstaff [Basic] Spellcasting Skills attack spells [Skilled] enchantment spells [Basic] Final Attributes: You were devoutly aligned. You saw invisible. You had infravision. You were visible. You were stealthy. You were protected from shape changers. You were lucky. You are dead. Vanquished creatures: a large mimic a small mimic 2 tengu an ettin zombie a leather golem 3 wolves 2 dwarf mummies a brown pudding a dog a jaguar a dwarf lord a dust vortex a snake a human zombie a soldier ant a yellow light a violet fungus 2 gnome lords 3 gnomish wizards a kobold mummy a red naga hatchling a ghoul a straw golem a paper golem a floating eye a kitten 6 dwarves a homunculus a kobold shaman an iguana a giant bat 5 hobbits an acid blob 2 geckos 2 hobgoblins a cave spider a red mold 11 gnomes 7 jackals 2 foxes 2 kobolds 3 newts 2 goblins 2 sewer rats a grid bug 2 bats a lichen 2 kobold zombies 90 creatures vanquished. Voluntary challenges: You were vegetarian. You used a wielded weapon 72 times, starting on turn 120. You did not apply a unicorn horn. You read items or engraved 6 times, starting on turn 915. You never genocided any monsters. You never polymorphed an object. You never changed form. You used no wishes. You never split a pudding. You never wrote Elbereth's name. You never violated your personal moral code. Dungeon overview: The Dungeons of Doom: levels 1 to 3 Level 1 an altar to Ptah, some fountains a long staircase Level 2 an altar to Anhur, a fountain Level 3 a general store, a fountain stairs to The Gnomish Mines The Gnomish Mines: levels 4 to 7 Level 4 stairs to The Dungeons of Doom Level 5 Level 6 Level 7 <- You were here many shops, a temple to Thoth, a magic chest, some fountains History has recorded: On T:1 you entered the Dungeons of Doom to retrieve the Amulet of Yendor! On T:424 you reached level 2 of The Dungeons of Doom. On T:711 you advanced to experience level 2. On T:732 you reached level 3 of The Dungeons of Doom. On T:1397 you advanced to experience level 3. On T:1502 you advanced to experience level 4. On T:1727 you reached level 1 of The Gnomish Mines. On T:1822 you reached level 2 of The Gnomish Mines. On T:1853 you advanced to experience level 5. On T:2612 you advanced to experience level 6. On T:2694 you reached level 3 of The Gnomish Mines. On T:3127 you reached level 4 of The Gnomish Mines. On T:3206 you entered the Minetown temple On T:3302 you advanced to experience level 7. On T:3308 you opened a magic chest. On T:3312 you opened a magic chest. Score breakdown: Gold: 50 ( 5 points) Experience: 7 levels ( 600 points) Exploration: 7 levels ( 180 points) Discoveries: 9 items ( 450 points) Variety of kills: 48 monsters ( 2000 points) Major goal: reached Minetown ( 500 points) Survival: died (score multiplied by 3) Total score: 11205 Latest messages: You drop a hobgoblin corpse. Your movements are now unencumbered. You resume your meal. You finish eating the food ration. You displace your housecat. "What lousy pay we're getting here!" You see here a hobgoblin corpse. You displace your housecat. "The food's not fit for Orcs!" You displace your housecat. "My feet hurt, I've been on them all day!" The magic missile hits the mumak! The magic missile bounces! (2x) The mumak butts! The mumak bites! The magic missile hits the mumak! The magic missile bounces! The mumak butts! The mumak bites! You die... Final status: Goodbye Frizzbo the Wizard, killed by a mumak... You died in The Gnomish Mines on dungeon level 7 with 11205 points, and 50 pieces of gold, after 4923 moves. You were level 7 with a maximum of 49 hit points when you died.